[Event "Titled Tuesday Blitz September 14 2021"]
[White "Maly, Alexey"]
[Black "Bortnyk, Olexandr"]
[WhiteFideId "14103184"]
[BlackFideId "14120828"]
[WhiteElo "2250"]
[BlackElo "2723"]
[Result "0-1"]
[Round "10"]
[TimeControl "180+1"]
[Date "2021.09.15"]
[WhiteClock "0:00:10"]
[BlackClock "0:00:12"]

1. d4 a6 2. Nf3 d5 3. g3 Nc6 4. Bg2 Bf5 5. O-O e6 6. b3 Nf6 7. Bb2 Be7 8. Nbd2 O-O 9. c4 Ne4 10. Nxe4 dxe4 11. Ne5 Nxe5 12. dxe5 Qxd1 13. Rfxd1 Rfd8 14. Kf1 Kf8 15. Bc3 Ba3 16. Ke1 b5 17. Rxd8+ Rxd8 18. Rd1 Ke7 19. Rxd8 Kxd8 20. Kd2 Kc8 21. Ke3 Bc1+ 22. Kd4 e3 23. fxe3 Bb1 24. cxb5 axb5 25. a4 Bc2 26. axb5 Bxb3 27. Bc6 Kd8 28. Kd3 Ba3 29. Bd4 Bb4 30. e4 h6 31. Ke3 Ba3 32. Kf3 Bd1 33. Kf2 Bb4 34. b6 cxb6 35. Bxb6+ Ke7 36. Bd4 Bb3 37. Kf3 Bc4 38. Ke3 Ba3 39. Kf3 Bb4 40. h4 Kf8 41. Ke3 Kg8 42. Kf3 Be1 43. Ba4 Ba5 44. Bc2 Ba2 45. Bd3 Bb3 46. Bb1 Be1 47. Bd3 g6 48. Bb1 Ba4 49. Bd3 Kf8 50. Bc5+ Ke8 51. Bd6 h5 52. Bc5 Kd7 53. Bf2 Bc3 54. Kf4 Kc6 55. Be3 Bb3 56. Bf2 Ba2 57. Be3 Bb3 58. Bf2 Ba4 59. Be3 Bb5 60. Bf2 Bb2 61. Be3 Ba4 62. Bf2 Kd7 63. Be3 Ke8 64. Bf2 Kf8 65. Be3 Kg7 66. Bf2 Bc3 67. Be3 Be1 68. Kf3 Bc6 69. Bf2 Bc3 70. Kf4 Bd7 71. Be3 Be8 72. Bc5 Ba4 73. Be7 Bd2+ 74. Kf3 Bc3 75. Bf6+ Kf8 76. Ke3 Ke8 77. Kf3 Kd7 78. Ke3 Kc6 79. Kf3 Bd4 80. Be7 Bxe5 81. Bg5 Kd7 82. Bf4 Bc3 83. g4 hxg4+ 84. Kxg4 Be1 85. h5 gxh5+ 86. Kxh5 Bc3 87. Kg4 Bd4 88. Kf3 Bc6 89. Kg3 Bc3 90. Be3 Be5+ 91. Bf4 Bf6 92. Kf3 Bh4 93. Bg3 Bd8 94. Kg4 Ba5 95. Bf4 Bc3 96. Kg5 Ke7 97. Be3 Be5 98. Bc5+ Ke8 99. Be3 Bc3 100. Bc5 Ba4 101. Be3 Bd7 102. Bc5 Bd2+ 103. Kg4 Bh6 104. Kf3 Bc6 105. Be3 Bg7 106. Bc5 Be5 107. Ke3 Kd7 108. Bb4 Bh2 109. Ba3 Bc7 110. Bb4 e5 111. Bc4 f6 112. Bd5 Bb6+ 113. Kf3 Bb5 114. Bf8 Ba4 115. Bh6 Ke7 116. Be3 Bc7 117. Bd2 Bd6 118. Bc3 Bc5 119. Bd2 Ba3 120. Bc3 Kf8 121. Bd2 Kg7 122. Be3 Kg6 123. Bd2 Bd7 124. Be3 Kh5 125. Bd2 Bg4+ 126. Kf2 Kh4 127. Bh6 Bc5+ 128. e3 Be7 129. Bf7 Bh5 130. Be6 Be8 131. Bg7 Kg5 132. Bf5 Bg6 133. Bh8 Bxf5 134. exf5 Kxf5 135. Bg7 Kg6 136. Bh8 Kh7 137. Bxf6 Bxf6 138. Kf3 Kg6 139. Ke4 Bg7 140. Kf3 Kf5 141. e4+ Kg5 142. Ke3 Kg4 143. Kd3 Kf3 144. Kd2 Kxe4 145. Ke2 Kd4 146. Kf2 e4 147. Ke2 e3 148. Ke1 Kd3 149. Kd1 e2+ 150. Ke1 Bc3+ 0-1


[Site "https://www.chess.com"]

[Event "Titled Tuesday Blitz September 14 2021"]
[White "Mickiewicz, Piotr"]
[Black "Wagner, Dennis"]
[WhiteFideId "1114891"]
[BlackFideId "24650684"]
[WhiteElo "2251"]
[BlackElo "2355"]
[Result "0-1"]
[Round "10"]
[TimeControl "180+1"]
[Date "2021.09.15"]
[WhiteClock "0:00:14"]
[BlackClock "0:00:33"]

1. c4 e6 2. Nf3 d5 3. g3 dxc4 4. Qa4+ Bd7 5. Qxc4 c5 6. Ne5 Nc6 7. Nxd7 Qxd7 8. Bg2 Nf6 9. O-O Be7 10. d3 O-O 11. Nc3 a6 12. Bg5 b5 13. Qb3 Rac8 14. Rfc1 Nd4 15. Qd1 Rfd8 16. h3 h6 17. Be3 Nf5 18. Bf4 Nh5 19. Bd2 Nhxg3 20. fxg3 Qd4+ 21. Kh2 Nxg3 22. e3 Qe5 23. Kg1 Rxd3 24. Qe1 Bd6 25. Rc2 Nf5 26. Nd1 Qh2+ 27. Kf1 Ng3+ 28. Kf2 Ne4+ 29. Kf1 Bg3 30. Qe2 Bf2 31. Qf3 Qg1+ 32. Ke2 Rxd2+ 33. Rxd2 Qe1+ 34. Kd3 Qxd2+ 35. Kxe4 Qd5+ 36. Kf4 Qf5# 0-1


[Site "https://www.chess.com"]

[Event "Titled Tuesday Blitz September 14 2021"]
[White "Mirzoev, Azer"]
[Black "Goltsev, Dmitry"]
[WhiteFideId "13400304"]
[BlackFideId "24176710"]
[WhiteElo "2525"]
[BlackElo "2334"]
[Result "1/2-1/2"]
[Round "10"]
[TimeControl "180+1"]
[Date "2021.09.15"]
[WhiteClock "0:00:09"]
[BlackClock "0:00:29"]

1. d4 Nf6 2. c4 e6 3. Nc3 Bb4 4. Qc2 Qe7 5. a3 Bxc3+ 6. Qxc3 b6 7. Bg5 Bb7 8. e3 h6 9. Bh4 g5 10. Bg3 Ne4 11. Qc2 d6 12. f3 Nxg3 13. hxg3 Nd7 14. g4 e5 15. O-O-O exd4 16. exd4 O-O-O 17. Ne2 Qe3+ 18. Kb1 Rde8 19. Ng3 Kb8 20. Nf5 Qf4 21. Bd3 d5 22. c5 bxc5 23. dxc5 Ne5 24. Ka1 Nc4 25. Rc1 Ne3 26. Nxe3 Qxe3 27. c6 Bc8 28. Qb3+ Ka8 29. Rhd1 Re5 30. Qa4 Rhe8 31. Rc3 Qf4 32. Qxf4 gxf4 33. Ka2 f5 34. gxf5 Bxf5 35. Bxf5 Rxf5 36. Rcd3 Re6 37. Rxd5 Rxd5 38. Rxd5 Rxc6 39. Kb3 Rg6 40. Rd2 Kb7 41. Kc4 h5 42. b4 Kb6 43. a4 a5 44. b5 h4 45. Re2 Rg3 46. Rf2 h3 47. gxh3 Rxh3 48. Kd4 Rh1 49. Ke4 Ra1 50. Kxf4 Rxa4+ 51. Ke5 Kxb5 52. f4 Ra1 53. f5 Re1+ 54. Kd5 Rd1+ 55. Ke4 a4 56. f6 Rd8 57. f7 Rf8 58. Kd3 c5 59. Kc3 Kc6 60. Kc4 Kd6 61. Rf1 a3 62. Kb3 Ke6 63. Rc1 Rxf7 64. Rxc5 Rf5 65. Rxf5 Kxf5 66. Kxa3 1/2-1/2


[Site "https://www.chess.com"]

[Event "Titled Tuesday Blitz September 14 2021"]
[White "Murzin, Volodar"]
[Black "Aldokhin, Ivan"]
[WhiteFideId "44155573"]
[BlackFideId "24115720"]
[WhiteElo "2514"]
[BlackElo "2265"]
[Result "1-0"]
[Round "10"]
[TimeControl "180+1"]
[Date "2021.09.15"]
[WhiteClock "0:00:49"]
[BlackClock "0:00:02"]

1. e4 c5 2. Nf3 e6 3. g3 Nf6 4. Qe2 Nc6 5. Bg2 d6 6. O-O Be7 7. c3 e5 8. Rd1 Bg4 9. Na3 O-O 10. Nc4 Re8 11. d3 Bf8 12. Bg5 h6 13. Bxf6 Qxf6 14. Ne3 Be6 15. a4 g6 16. Nd2 h5 17. Ndc4 b6 18. Rf1 Rad8 19. Nd5 Bxd5 20. exd5 Na5 21. Na3 Qe7 22. Rab1 f5 23. b4 Nb7 24. Nb5 a6 25. Na7 Qf6 26. Nc6 Rd7 27. d4 e4 28. Qxa6 f4 29. Rbe1 f3 30. Bh3 Rc7 31. Qxb6 Qg7 32. Be6+ Kh8 33. Rxe4 1-0


[Site "https://www.chess.com"]

[Event "Titled Tuesday Blitz September 14 2021"]
[White "Novik, Maxim"]
[Black "Sonis, Francesco"]
[WhiteFideId "4102924"]
[BlackFideId "895733"]
[WhiteElo "2390"]
[BlackElo "2373"]
[Result "0-1"]
[Round "10"]
[TimeControl "180+1"]
[Date "2021.09.15"]
[WhiteClock "0:00:17"]
[BlackClock "0:01:06"]

1. Nf3 d5 2. g3 Nd7 3. Bg2 e5 4. d3 Ngf6 5. O-O Bc5 6. c3 Bb6 7. e4 dxe4 8. dxe4 O-O 9. Qe2 a5 10. Nbd2 c6 11. Nc4 Bc7 12. a4 b6 13. Rd1 Ba6 14. Bf1 Qe7 15. Qc2 Qe6 16. b3 Nc5 17. Ba3 Nfxe4 18. Re1 f5 19. Bh3 Qf6 20. Bxc5 bxc5 21. Rad1 Rad8 22. Rxd8 Rxd8 23. Bxf5 Qxf5 24. Qxe4 Qxe4 25. Rxe4 Rd3 26. Nfxe5 Rxc3 27. Nxc6 Kf8 28. Re7 Bd8 29. Ra7 Bxc4 30. bxc4 Bf6 31. Nxa5 Bd4 32. Nc6 Rxc4 33. a5 Ra4 34. a6 h5 35. Kf1 Ra2 36. Nxd4 cxd4 37. f4 d3 38. Ke1 Kg8 39. h3 Kh7 40. g4 h4 41. f5 Kh6 42. Kd1 Ra5 43. Kd2 Ra3 44. Ke3 d2+ 45. Kxd2 Rxh3 46. Rf7 Ra3 47. a7 h3 48. Kc2 h2 49. Rf8 Kh7 50. g5 Rxa7 51. g6+ Kh6 52. Rh8+ Kg5 53. Rxh2 Ra2+ 0-1


[Site "https://www.chess.com"]

[Event "Titled Tuesday Blitz September 14 2021"]
[White "Perez Ponsa, Federico"]
[Black "Csonka, Balazs"]
[WhiteFideId "117927"]
[BlackFideId "742910"]
[WhiteElo "2672"]
[BlackElo "2404"]
[Result "1-0"]
[Round "10"]
[TimeControl "180+1"]
[Date "2021.09.15"]
[WhiteClock "0:00:08"]
[BlackClock "0:00:01"]

1. c4 e6 2. g3 d5 3. Bg2 Nf6 4. Nf3 Be7 5. O-O O-O 6. b3 b6 7. Bb2 Bb7 8. e3 c5 9. Nc3 Qc8 10. Rc1 Rd8 11. d4 dxc4 12. bxc4 Nc6 13. d5 Na5 14. e4 Nxc4 15. Ba1 exd5 16. exd5 Nxd5 17. Nxd5 Bxd5 18. Qa4 Nd2 19. Nxd2 Bxg2 20. Rfe1 Bf8 21. Kxg2 Rxd2 22. Qf4 Rxa2 23. Rcd1 Qc6+ 24. Kg1 Re8 25. Be5 Ra4 26. Qc1 Re4 27. Rxe4 Qxe4 28. Ba1 c4 29. h4 b5 30. Qg5 b4 31. h5 h6 32. Qb5 c3 33. Kh2 Qe2 34. Qd5 Qxf2+ 35. Kh3 Re2 36. Qa8 Qh2+ 37. Kg4 Re4+ 38. Qxe4 Qa2 39. Rd8 f6 40. Qa8 Qf7 41. Qc8 f5+ 42. Qxf5 Qxf5+ 43. Kxf5 a5 44. Kg6 a4 45. Rc8 a3 46. g4 a2 47. Rc6 b3 48. Rxc3 1-0


[Site "https://www.chess.com"]

[Event "Titled Tuesday Blitz September 14 2021"]
[White "Rozman, Levy"]
[Black "Visakh N R"]
[WhiteFideId "2039877"]
[BlackFideId "25012223"]
[WhiteElo "2376"]
[BlackElo "2454"]
[Result "0-1"]
[Round "10"]
[TimeControl "180+1"]
[Date "2021.09.15"]
[WhiteClock "0:01:54"]
[BlackClock "0:01:53"]

1. c4 c5 2. Nf3 Nc6 3. e3 Nf6 4. Nc3 g6 5. d4 cxd4 6. exd4 d5 7. cxd5 Nxd5 8. Qb3 Nxc3 9. Bc4 Nd5 10. Bxd5 e6 11. Bxc6+ bxc6 12. O-O Bg7 13. Qe3 O-O 14. b3 c5 15. Ba3 cxd4 16. Qe4 Ba6 17. Bxf8 Qxf8 18. Rfd1 Rd8 19. Nxd4 Qd6 0-1


[Site "https://www.chess.com"]

[Event "Titled Tuesday Blitz September 14 2021"]
[White "Stoyanov, Tsvetan"]
[Black "Erdogmus, Yagiz Kaan"]
[WhiteFideId "2917173"]
[BlackFideId "44599790"]
[WhiteElo "2191"]
[BlackElo "1783"]
[Result "0-1"]
[Round "10"]
[TimeControl "180+1"]
[Date "2021.09.15"]
[WhiteClock "0:02:09"]
[BlackClock "0:02:20"]

1. e4 c5 2. Nf3 e6 3. d4 cxd4 4. Nxd4 Nf6 5. Nc3 Nc6 6. Ndb5 Bb4 7. a3 Bxc3+ 8. Nxc3 d5 9. exd5 exd5 10. Bd3 O-O 11. O-O Bg4 12. Ne2 Re8 13. f3 Bh5 14. Nf4 Bg6 15. Nxg6 hxg6 16. Kh1 Ne5 17. Bf4 Qb6 18. b3 Qd4 19. Bxe5 Rxe5 20. Qd2 Rae8 21. Rad1 Nh5 22. f4 Ng3+ 0-1


[Site "https://www.chess.com"]

[Event "Titled Tuesday Blitz September 14 2021"]
[White "Svane, Rasmus"]
[Black "Moroni, Luca Jr"]
[WhiteFideId "4657101"]
[BlackFideId "865834"]
[WhiteElo "2643"]
[BlackElo "2491"]
[Result "1-0"]
[Round "10"]
[TimeControl "180+1"]
[Date "2021.09.15"]
[WhiteClock "0:00:06"]
[BlackClock "0:00:05"]

1. Nf3 g6 2. e4 Bg7 3. d4 d6 4. c3 Nf6 5. Bd3 O-O 6. h3 e5 7. O-O Re8 8. Re1 Nc6 9. Na3 exd4 10. cxd4 Nb4 11. Nc2 Nxd3 12. Qxd3 Rxe4 13. Rxe4 Bf5 14. Nd2 d5 15. f3 c6 16. Ne3 dxe4 17. fxe4 Be6 18. b3 Nh5 19. Nf3 Nf4 20. Qd2 Bxd4 21. Nxd4 Qxd4 22. Qxd4 Ne2+ 23. Kf2 Nxd4 24. Bb2 c5 25. Bxd4 cxd4 26. Nc2 d3 27. Nd4 Rd8 28. Ke3 Bd7 29. Kxd3 Rc8 30. Rd1 Kg7 31. Ke3 Kf6 32. h4 h6 33. Nf3 Bg4 34. Rd2 Rc3+ 35. Kf4 Bxf3 36. gxf3 Ke6 37. Rd8 Rc2 38. Rb8 Rxa2 39. Rxb7 Ra5 40. b4 Ra4 41. Rb8 Kf6 42. Kg4 Ke6 43. Re8+ Kd7 44. Rb8 Ke6 45. h5 gxh5+ 46. Kxh5 Ra3 47. Kg4 h5+ 48. Kf4 h4 49. Rh8 Rb3 50. Rxh4 Rxb4 51. Rh5 Ra4 52. Re5+ Kf6 53. Rb5 Ke7 54. Kf5 a6 55. Rb7+ Ke8 56. Kf6 Ra3 57. f4 Ra4 58. Re7+ Kd8 59. Kxf7 a5 60. f5 Rb4 61. e5 Rb5 62. f6 a4 63. e6 Ra5 64. Rd7+ Kc8 65. Rd1 a3 66. e7 Ra7 67. Kf8 a2 68. e8=Q+ Kb7 69. Qd7+ 1-0


[Site "https://www.chess.com"]

[Event "Titled Tuesday Blitz September 14 2021"]
[White "Vasquez Schroeder, Rodrigo"]
[Black "Sviridov_Valery"]
[WhiteFideId "3400042"]
[WhiteElo "2568"]
[BlackElo "2957"]
[Result "1-0"]
[Round "10"]
[TimeControl "180+1"]
[Date "2021.09.15"]
[WhiteClock "0:00:06"]
[BlackClock "0:00:08"]

1. e4 Nf6 2. e5 Nd5 3. d4 d6 4. Nf3 dxe5 5. Nxe5 c6 6. g3 Bf5 7. Bg2 Nd7 8. Nf3 e6 9. O-O Be7 10. a3 O-O 11. c4 N5b6 12. b3 a5 13. a4 Qc7 14. Bf4 Qd8 15. Nc3 h6 16. h3 Bb4 17. Qc1 Re8 18. Rd1 Bh7 19. Qb2 Bf8 20. Re1 Bb4 21. Re2 Nc8 22. Rd1 Bd6 23. Bc1 Ne7 24. Ne4 Bb4 25. Bd2 Bxd2 26. Rdxd2 Bxe4 27. Rxe4 Nf6 28. Re1 Qc7 29. Qc3 Red8 30. Rde2 Nf5 31. h4 Rd6 32. Bh3 Ne7 33. c5 Rdd8 34. Ne5 Ned5 35. Qf3 Re8 36. Nc4 b6 37. cxb6 Nxb6 38. Ne5 Nbd5 39. Rc1 Ra6 40. Rc4 Rb8 41. Nxf7 Kxf7 42. Bxe6+ Kf8 43. Bxd5 Qb7 44. Bxc6 Qxb3 45. Rc3 Qd1+ 46. Kg2 Qxd4 47. Re6 Kg8 48. Rd3 Qb4 49. Rxf6 gxf6 50. Qxf6 Qe4+ 51. Bxe4 Rxf6 52. Rd7 Rb2 53. Bf3 Rb4 54. Bd5+ Kf8 55. Ra7 Rxa4 56. f3 Rd6 57. Be4 Ra2+ 58. Kh3 a4 59. g4 a3 60. g5 hxg5 61. hxg5 Ra1 62. Kg3 a2 63. Kf4 Rd2 64. g6 Rg1 65. Ra8+ Ke7 66. Ra7+ Kd8 67. g7 a1=Q 68. Rxa1 Rxg7 69. Ra8+ Ke7 70. Ra7+ Rd7 71. Ra6 Rg1 72. Ke5 Rdd1 73. Ra7+ Rd7 74. Ra6 Rc7 75. Re6+ Kf7 76. Rf6+ Ke7 77. Re6+ Kd8 78. Rf6 Re7+ 79. Kf4 Rf1 80. Bf5 Ra1 81. Be4 Rf1 82. Rb6 Re1 83. Rb4 Kc7 84. Kf5 Kd6 85. Rd4+ Kc5 86. Rd8 Rf1 87. Kf4 Re1 88. Rd5+ Kc4 89. Rf5 Re8 90. Rf7 R1xe4+ 91. fxe4 Kd4 92. Rd7+ Kc5 93. e5 Kc6 94. Rd6+ Kc7 95. Kf5 Rf8+ 96. Rf6 Rh8 97. Rd6 Rf8+ 98. Kg6 Rf1 99. Rd4 Kc8 100. e6 Re1 101. Kf6 Rf1+ 102. Ke7 Re1 103. Rc4+ Kb7 104. Rc5 Kb6 105. Rc3 Kb7 106. Rd3 Kc6 107. Kf7 Rf1+ 108. Ke8 Rf4 109. e7 Kc7 110. Rc3+ Kd6 111. Kd8 Ra4 112. e8=Q 1-0


[Site "https://www.chess.com"]

[Event "Titled Tuesday Blitz September 14 2021"]
[White "Yoo, Christopher Woojin"]
[Black "Vakhlamov, Igor L."]
[WhiteFideId "30909694"]
[BlackFideId "24126748"]
[WhiteElo "2105"]
[BlackElo "2416"]
[Result "1-0"]
[Round "10"]
[TimeControl "180+1"]
[Date "2021.09.15"]
[WhiteClock "0:00:39"]
[BlackClock "0:00:07"]

1. e4 e6 2. d4 d5 3. Bd3 Nc6 4. c3 dxe4 5. Bxe4 Nf6 6. Bf3 e5 7. d5 Ne7 8. c4 Ng6 9. Nc3 Bc5 10. h4 h6 11. h5 Ne7 12. b4 Bd4 13. Nge2 Nf5 14. Nxd4 Nxd4 15. Be3 Qe7 16. O-O Nxf3+ 17. Qxf3 Bg4 18. Qg3 Bxh5 19. Bc5 Qd7 20. Qxg7 O-O-O 21. Qxf6 Rhg8 22. Ne4 Rg6 23. Qh4 Bf3 24. Ng3 Rg4 25. Qh3 Rdg8 26. Kh2 h5 27. gxf3 Rxg3 28. Qxd7+ Kxd7 29. fxg3 h4 30. gxh4 b6 31. Be3 a5 32. bxa5 Rh8 33. Kg3 Rxh4 34. Kxh4 f5 35. a6 f4 36. a7 e4 37. Bxf4 exf3 38. Rxf3 Ke7 39. a8=Q Kf6 40. Bxc7+ Kg6 41. Qg8+ Kh6 42. Rf6# 1-0


[Site "https://www.chess.com"]

[Event "Titled Tuesday Blitz September 14 2021"]
[White "Yuan, Qingyu"]
[Black "Jones, Gawain C B"]
[WhiteFideId "8609772"]
[BlackFideId "409561"]
[WhiteElo "2359"]
[BlackElo "2657"]
[Result "0-1"]
[Round "10"]
[TimeControl "180+1"]
[Date "2021.09.15"]
[WhiteClock "0:00:03"]
[BlackClock "0:00:09"]

1. d4 Nf6 2. c4 e6 3. Nf3 d5 4. Nc3 a6 5. cxd5 exd5 6. Bg5 Be7 7. e3 O-O 8. Bd3 Re8 9. Qc2 Nbd7 10. O-O Nf8 11. h3 Ne4 12. Bxe7 Rxe7 13. Nxe4 dxe4 14. Bxe4 c6 15. Rfd1 Be6 16. Ne5 g6 17. Rd2 Qd6 18. Bf3 Rd8 19. a3 Bxh3 20. Nxc6 bxc6 21. gxh3 c5 22. Rad1 Qf6 23. Bg2 cxd4 24. Rxd4 Rxd4 25. Rxd4 Ne6 26. Rd6 h5 27. Rxa6 Rd7 28. Ra8+ Kh7 29. Qc3 Rd1+ 30. Kh2 Nd4 31. exd4 Qxf2 32. d5 Qg1+ 33. Kg3 Rd4 34. Re8 g5 35. Kf3 Rf4+ 36. Ke2 Qxg2+ 37. Kd1 Qxd5+ 0-1


[Site "https://www.chess.com"]

[Event "Titled Tuesday Blitz September 14 2021"]
[White "Zhigalko, Sergei"]
[Black "Sarana, Alexey"]
[WhiteFideId "13502956"]
[BlackFideId "24133795"]
[WhiteElo "2662"]
[BlackElo "2671"]
[Result "1-0"]
[Round "10"]
[TimeControl "180+1"]
[Date "2021.09.15"]
[WhiteClock "0:00:05"]
[BlackClock "0:00:49"]

1. e4 c5 2. Nf3 d6 3. d4 cxd4 4. Qxd4 Nc6 5. Bb5 Bd7 6. Bxc6 Bxc6 7. Nc3 h6 8. Qd3 Nf6 9. Nd4 g6 10. f3 Bg7 11. Be3 Qa5 12. O-O-O Nd7 13. Kb1 Rc8 14. Nb3 Qc7 15. Bd4 Ne5 16. Qe2 O-O 17. f4 Nd7 18. Bxg7 Kxg7 19. Nd4 a6 20. f5 Ne5 21. fxg6 Bd7 22. Nd5 Qc4 23. Nxe7 Qxe2 24. Nxe2 Rc4 25. Rxd6 fxg6 26. Nxg6 Nxg6 27. Rxd7+ Kg8 28. Nd4 Ne5 29. Rd5 Ng4 30. Re1 Ne3 31. Rd7 Rf2 32. c3 Nxg2 33. Rg1 b5 34. a3 Kf8 35. e5 Rc5 36. Ne6+ Ke8 37. Nxc5 h5 38. Rh7 h4 39. h3 a5 40. Ne4 Re2 41. Nd6+ Kf8 42. e6 b4 43. e7+ Kg8 44. e8=Q+ Rxe8 45. Nxe8 Kxh7 46. Rxg2 1-0


[Site "https://www.chess.com"]

[Event "Titled Tuesday Blitz September 14 2021"]
[White "Aggelis, Nikolaos"]
[Black "Djordjevic, Vuk"]
[WhiteFideId "4213220"]
[BlackFideId "902098"]
[WhiteElo "2154"]
[BlackElo "2463"]
[Result "0-1"]
[Round "11"]
[TimeControl "180+1"]
[Date "2021.09.15"]
[WhiteClock "0:01:20"]
[BlackClock "0:00:56"]

1. d4 Nf6 2. g3 d5 3. Nf3 e6 4. Bg2 Be7 5. O-O O-O 6. c4 dxc4 7. Qc2 a6 8. a4 Bd7 9. Qxc4 Bc6 10. Bf4 Nd5 11. Nc3 Nxf4 12. gxf4 Nd7 13. e3 Nb6 14. Qe2 Bb4 15. a5 Bxc3 16. bxc3 Bb5 17. Qb2 Bxf1 18. Kxf1 Nc4 19. Qxb7 Qc8 20. Ne5 Qxb7 21. Bxb7 Ra7 22. Be4 Nd2+ 23. Ke2 Nxe4 24. c4 Rb7 25. Kf3 f6 26. Nd7 Nd2+ 27. Ke2 Nxc4 28. Nxf8 Kxf8 29. Kd3 Nd6 30. Rc1 Rb3+ 31. Ke2 Rb5 32. Rxc7 Rxa5 33. Rc6 Ra2+ 34. Kf3 Ke7 35. Rc7+ Kd8 36. Rxg7 f5 37. Rxh7 Ne4 38. Kg2 Rxf2+ 39. Kg1 Rf3 40. Ra7 Rxe3 41. Rxa6 Ke7 42. h4 Rh3 43. Ra7+ Kd6 44. Ra6+ Kd5 45. Ra5+ Kxd4 46. Re5 Nc5 0-1


[Site "https://www.chess.com"]

[Event "Titled Tuesday Blitz September 14 2021"]
[White "Alikhanov, Felix"]
[Black "Avramidou, Anastasia"]
[WhiteFideId "4157427"]
[BlackFideId "4239873"]
[WhiteElo "2425"]
[BlackElo "2183"]
[Result "1-0"]
[Round "11"]
[TimeControl "180+1"]
[Date "2021.09.15"]
[WhiteClock "0:00:26"]
[BlackClock "0:00:03"]

1. e4 c6 2. d4 d5 3. Nd2 dxe4 4. Nxe4 Nf6 5. Nxf6+ exf6 6. Bc4 Bd6 7. Nf3 O-O 8. O-O Nd7 9. c3 Nb6 10. Bb3 Re8 11. h3 Be6 12. Re1 Bxb3 13. Rxe8+ Qxe8 14. axb3 Nd5 15. c4 Nf4 16. c5 Bc7 17. Bxf4 Bxf4 18. Qd3 g6 19. Re1 Qd7 20. g3 Bc7 21. Kg2 Rd8 22. Qe4 b6 23. b4 a5 24. cxb6 Bxb6 25. bxa5 Bxa5 26. Rc1 Qd5 27. Qxd5 cxd5 28. Rc5 Bb6 29. Rc6 Ba5 30. Rxf6 Kg7 31. Ra6 Bc7 32. Ra7 Bb6 33. Rb7 Rd6 34. Kf1 Ba5 35. b4 Rb6 36. Rxb6 Bxb6 37. Ke2 Kf6 38. Kd3 h6 39. Ne5 Ke6 40. h4 g5 41. h5 f5 42. g4 Bc7 43. f3 Kf6 44. gxf5 Kxf5 45. Ng4 Kf4 46. Nxh6 Kxf3 47. Nf5 Bd8 48. h6 Bf6 49. b5 Kf4 50. Ne3 g4 51. Nxg4 Kxg4 52. b6 Bd8 53. b7 Bc7 54. h7 1-0


[Site "https://www.chess.com"]

[Event "Titled Tuesday Blitz September 14 2021"]
[White "Bluebaum, Matthias"]
[Black "Jobava, Baadur"]
[WhiteFideId "24651516"]
[BlackFideId "13601520"]
[WhiteElo "2681"]
[BlackElo "2731"]
[Result "1-0"]
[Round "11"]
[TimeControl "180+1"]
[Date "2021.09.15"]
[WhiteClock "0:02:11"]
[BlackClock "0:02:51"]

1. d4 Nf6 2. Nf3 e6 3. Bf4 b6 4. e3 Bb7 5. Bd3 Bd6 6. Bg3 O-O 7. Nbd2 h6 8. e4 Bxg3 9. hxg3 d6 10. Qe2 Nbd7 11. e5 dxe5 12. dxe5 Nd5 13. Qe4 f5 14. exf6 N7xf6 15. Qxe6+ Kh8 16. Ne5 1-0


[Site "https://www.chess.com"]

[Event "Titled Tuesday Blitz September 14 2021"]
[White "Bortnyk, Olexandr"]
[Black "Visakh N R"]
[WhiteFideId "14120828"]
[BlackFideId "25012223"]
[WhiteElo "2723"]
[BlackElo "2454"]
[Result "0-1"]
[Round "11"]
[TimeControl "180+1"]
[Date "2021.09.15"]
[WhiteClock "0:00:07"]
[BlackClock "0:00:12"]

1. d4 Nf6 2. Nc3 d5 3. Bf4 Bf5 4. e3 e6 5. Nf3 h6 6. Bd3 Bxd3 7. cxd3 Bd6 8. Be5 O-O 9. O-O Nfd7 10. Bxd6 cxd6 11. b4 a5 12. Qb3 Nc6 13. b5 Ne7 14. Rac1 Nb6 15. e4 dxe4 16. dxe4 d5 17. e5 Nc4 18. Na4 Rc8 19. Rc3 Nf5 20. Rfc1 Nh4 21. Ne1 f6 22. Nb2 fxe5 23. dxe5 a4 24. Qb4 Qb6 25. Ned3 Qd4 26. Nxc4 dxc4 27. Rxc4 Qd5 28. Ne1 Rxc4 29. Qxc4 Qd2 30. Nd3 Rd8 31. Qxh4 Qxc1+ 32. Nxc1 Rd1# 0-1


[Site "https://www.chess.com"]

[Event "Titled Tuesday Blitz September 14 2021"]
[White "Chigaev, Maksim"]
[Black "Suleymanli, Aydin"]
[WhiteFideId "4108116"]
[BlackFideId "13413937"]
[WhiteElo "2610"]
[BlackElo "2506"]
[Result "1-0"]
[Round "11"]
[TimeControl "180+1"]
[Date "2021.09.15"]
[WhiteClock "0:00:41"]
[BlackClock "0:00:04"]

1. d4 e6 2. c4 d5 3. Nf3 a6 4. c5 b6 5. cxb6 cxb6 6. Bf4 Nc6 7. e3 Bb7 8. Nc3 Bd6 9. Bd3 Nge7 10. O-O h6 11. Rc1 O-O 12. a3 f6 13. Bg3 Rc8 14. Re1 e5 15. dxe5 fxe5 16. e4 d4 17. Nd5 Kh8 18. Nh4 b5 19. Qg4 Qe8 20. b4 Rd8 21. h3 Bc8 22. Qe2 Be6 23. Nc7 Bxc7 24. Rc2 Bd6 25. Rec1 a5 26. Bxb5 Bd7 27. bxa5 Nxa5 28. Bd3 Ba4 29. Rc7 Bxc7 30. Rxc7 Rc8 31. Rxe7 Rc1+ 32. Kh2 Qc6 33. Bxe5 Rg8 34. Qg4 1-0


[Site "https://www.chess.com"]

[Event "Titled Tuesday Blitz September 14 2021"]
[White "Dvirnyy, Danyyil"]
[Black "Ibrahimli, Murad"]
[WhiteFideId "817570"]
[BlackFideId "13410229"]
[WhiteElo "2531"]
[BlackElo "2109"]
[Result "0-1"]
[Round "11"]
[TimeControl "180+1"]
[Date "2021.09.15"]
[WhiteClock "0:00:10"]
[BlackClock "0:00:26"]

1. e4 e6 2. d4 d5 3. Nc3 Nf6 4. e5 Nfd7 5. f4 c5 6. Nf3 Nc6 7. Be3 a6 8. a3 b5 9. Ne2 cxd4 10. Nexd4 Bb7 11. Bd3 Nc5 12. O-O Be7 13. f5 Nxd3 14. Qxd3 exf5 15. Nxf5 O-O 16. Bd4 Bc8 17. c3 Be6 18. Rae1 Re8 19. h4 h6 20. h5 Bf8 21. Re3 Nxd4 22. N3xd4 Qg5 23. Rg3 Qxh5 24. Rf4 g5 25. Nxe6 Rxe6 26. Qxd5 Rae8 27. Nd6 Bxd6 28. exd6 Re1+ 29. Rf1 Rxf1+ 30. Kxf1 Qh1+ 31. Kf2 Qe1+ 32. Kf3 Qe2# 0-1


[Site "https://www.chess.com"]

[Event "Titled Tuesday Blitz September 14 2021"]
[White "Erdogmus, Yagiz Kaan"]
[Black "Maly, Alexey"]
[WhiteFideId "44599790"]
[BlackFideId "14103184"]
[WhiteElo "1783"]
[BlackElo "2250"]
[Result "0-1"]
[Round "11"]
[TimeControl "180+1"]
[Date "2021.09.15"]
[WhiteClock "0:00:05"]
[BlackClock "0:00:08"]

1. e4 c6 2. Nc3 d5 3. Nf3 Bg4 4. h3 Bxf3 5. Qxf3 e6 6. d4 dxe4 7. Nxe4 Nd7 8. Bd3 Ngf6 9. c3 Nxe4 10. Bxe4 Nf6 11. Bd3 Be7 12. O-O O-O 13. Re1 Qb6 14. Rb1 Nd5 15. Bd2 Rad8 16. b4 Qc7 17. g3 b5 18. Re2 a6 19. h4 g6 20. Kg2 h5 21. Rh1 Nf6 22. Bf4 Qd7 23. Re5 Nd5 24. Bh6 Rfe8 25. g4 hxg4 26. Qxg4 Bf6 27. Ree1 Nxc3 28. Be3 Qd5+ 29. Kg1 Bxd4 30. h5 Bxe3 31. hxg6 f5 32. Qh5 Bxf2+ 33. Kxf2 Qd4+ 34. Re3 Qf4+ 35. Rf3 Qd2+ 36. Kg3 Kg7 37. Qh7+ Kf6 38. Qh4+ Qg5+ 39. Qxg5+ Kxg5 40. g7 Rg8 41. Kf2 Rxg7 42. Rc1 Nd5 43. a3 Rd6 44. Rg1+ Kf6 45. Rh1 Ne7 46. Re1 Ng6 47. Bc2 Ne5 48. Re2 Nxf3 49. Kxf3 e5 50. Ke3 Rg3+ 51. Kf2 Rxa3 52. Kf1 Ra1+ 53. Kf2 Ra2 54. Ke3 f4+ 55. Kf3 Rxc2 56. Rxc2 Kf5 57. Rc5 Rd3+ 58. Ke2 Rd4 59. Rxc6 Rxb4 60. Rxa6 Rb2+ 61. Kf3 e4# 0-1


[Site "https://www.chess.com"]

[Event "Titled Tuesday Blitz September 14 2021"]
[White "Goltsev, Dmitry"]
[Black "Nozdrachev, Leonid"]
[WhiteFideId "24176710"]
[BlackFideId "24113433"]
[WhiteElo "2334"]
[BlackElo "2196"]
[Result "1-0"]
[Round "11"]
[TimeControl "180+1"]
[Date "2021.09.15"]
[WhiteClock "0:01:25"]
[BlackClock "0:00:44"]

1. e4 c6 2. d4 d5 3. Nc3 dxe4 4. Nxe4 Nf6 5. Nxf6+ exf6 6. c3 Bd6 7. Bd3 Na6 8. Ne2 h5 9. Bd2 Kf8 10. Qc2 Nc7 11. O-O-O Be6 12. Kb1 b5 13. Nf4 Bxf4 14. Bxf4 a5 15. Rhe1 Nd5 16. Bd2 a4 17. c4 bxc4 18. Qxc4 g6 19. Qxc6 Kg7 20. Rc1 Qb8 21. Rxe6 a3 22. b3 fxe6 23. Qd7+ Kf8 24. Bxg6 Ne7 25. Qxe6 Nxg6 26. Qxf6+ Kg8 27. Qxg6+ Kf8 28. Rc7 Qxc7 29. Bb4+ Qe7 30. Qf6+ Kg8 31. Bxe7 1-0


[Site "https://www.chess.com"]